 Dungeon Crawl Stone Soup version 0.31.0-11-ge490571c62 (webtiles) character file.

Game seed: 14517270727439482606

3276 hikkokomori the Fighter (level 10, -5/80 HPs)
             Began as a Formicid Fighter on Feb 2, 2024.
             Was an Initiate of Gozag.
             Slain by a brown ugly thing (11 damage)
             ... on level 8 of the Dungeon.
             The game lasted 00:11:41 (7031 turns).

hikkokomori the Fighter (Formicid Fighter)          Turns: 7031, Time: 00:11:42

Health: -5/80      AC:  4    Str: 24    XL:     10   Next: 20%
Magic:  10/10      EV:  9    Int:  7    God:    Gozag
Gold:   624        SH:  6    Dex: 15    Spells: 9/9 levels left

rFire   . . .        B - +0 battleaxe
rCold   + + .        G - +1 buckler {rPois}
rNeg    . . .        K - +0 ice dragon scales
rPois   +            (helmet unavailable)
rElec   .            (no cloak)
rCorr   .            u - +0 pair of gloves
SInv    +            n - +2 pair of boots
Will    +....        (no amulet) Stlth
                     w - ring of protection from fire
HPRegen 0.33/turn    (no ring)
MPRegen 0.12/turn

%: no passive effects
@: corroded
A: permanent stasis, dig shafts and tunnels, antennae 3, four strong arms
a: Dig, Shaft Self, Renounce Religion, Potion Petition, Call Merchant, Bribe
Branch


You were on level 8 of the Dungeon.
You worshipped Gozag.
Gozag was pleased with you.
You visited 1 branch of the dungeon, and saw 8 of its levels.

You collected 698 gold pieces.
You paid 74 gold pieces to Gozag.

Inventory:

Hand Weapons
 a - a +0 war axe
 B - a +0 battleaxe (weapon)
Missiles
 o - 4 javelins
 y - 8 boomerangs (quivered)
Armour
 b - a +0 scale mail
 n - a +2 pair of boots (worn)
 u - a +0 pair of gloves (worn)
 x - a +0 pair of boots of rampaging
 G - a +1 buckler of poison resistance (worn)
 K - +0 ice dragon scales (worn)
Jewellery
 w - a ring of protection from fire (left hand)
Wands
 r - a wand of flame (16)
 t - a wand of roots (8)
 C - a wand of polymorph (5)
 F - a wand of charming (4)
Scrolls
 e - 2 scrolls of vulnerability
 f - 2 scrolls of revelation {unknown}
 g - 2 scrolls of fog
 i - 2 scrolls of enchant armour {unknown}
 k - 3 scrolls of fear
 D - a scroll of amnesia {unknown}
 E - a scroll of teleportation {unknown}
 H - a scroll of blinking {unknown}
Potions
 d - a potion of might
 h - 2 potions of berserk rage
 j - 3 potions of heal wounds
 l - 2 potions of mutation
 m - 3 potions of brilliance
 p - a potion of resistance
 q - a potion of degeneration {unknown}
 s - 4 potions of magic
 v - a potion of lignification
 z - a potion of enlightenment {unknown}
 A - a potion of haste
 J - 2 potions of cancellation


   Skills:
 + Level 8.2 Fighting
 + Level 7.1 Axes
 - Level 4.0 Throwing
 + Level 6.8 Armour
 - Level 5.0 Shields
 + Level 6.9 Evocations


You had 9 spell levels left.
You didn't know any spells.
Your spell library contained the following spells:

 Spells                   Type           Power      Damage    Failure   Level
 Ensorcelled Hibernation  Hex/Ice        0%         N/A       92%         2
 Fugue of the Fallen      Necr           0%         N/A       99%         3
 Ozocubu's Armour         Ice            0%         N/A       99%         3
 Anguish                  Hex/Necr       0%         N/A       100%        4
 Cause Fear               Hex            0%         N/A       100%        4
 Metabolic Englaciation   Hex/Ice        0%         N/A       100%        5
 Sculpt Simulacrum        Ice/Alch       0%         N/A       100%        6
 Enfeeble                 Hex            0%         N/A       100%        7


Dungeon Overview and Level Annotations

Branches:
Dungeon (8/15)             Temple (0/1) D:6
   Lair: D:8-11

Altars:
Gozag
Hepliaklqana
Nemelex Xobeh
Ru
Sif Muna
Vehumet
Wu Jian
The Shining One

Shops:
D:5 [   D:7 :


Innate Abilities, Weirdness & Mutations

You cannot be hasted, slowed, berserked, paralysed or teleported.
You can dig through walls and to a lower floor.
You have a pair of large antennae on your head. (SInv)
Your four strong arms can wield two-handed weapons with a shield.


Message History

Unknown command.
Aiming: Polymorph
Press: ? - help, Shift-Dir - straight line, f - brown ugly thing
Aim: a brown ugly thing (will change colour)
Okay, then.
Aiming: Fastroot
Press: ? - help, Shift-Dir - straight line The roots erupt in riotous growth!
Roots grab the brown ugly thing.
The grasping roots constrict the brown ugly thing!
The brown ugly thing tentacle-slaps you!
The acid corrodes you!
You are splashed with acid!
Unknown command.
Unknown command.
You slice the brown ugly thing!!
The brown ugly thing is heavily wounded.
The grasping roots constrict the brown ugly thing!
The brown ugly thing tentacle-slaps you.
You are splashed with acid!
Unknown command.
You hit the brown ugly thing but do no damage.
The brown ugly thing is severely wounded.
The grasping roots constrict the brown ugly thing!
The roots release their grip on the brown ugly thing.
You block the brown ugly thing's attack.
Unknown command.
You slash the brown ugly thing!
The brown ugly thing is almost dead.
The brown ugly thing tentacle-slaps you!
The acid corrodes you!
You are splashed with acid!
* * * LOW HITPOINT WARNING * * *
The brown ugly thing tentacle-slaps you!
* * * LOW HITPOINT WARNING * * *
The acid corrodes you!
You are splashed with acid!
* * * LOW HITPOINT WARNING * * *
You hit the brown ugly thing but do no damage.
The brown ugly thing is almost dead.
The brown ugly thing tentacle-slaps you!
You die...
Your body crumbles into a pile of gold.

### #.# ###....))....#
...###.#####..$..u.$....#
#.........#.##.........#
## ##....................#
...#..........#.#.......##
###.#..........#........##
..............###...####
.......[......#####.######
###......@...............#
#.....u....###.........#
##.....<....##.........#
#..........############
#..........# #..........#
#..........# ............#
..........#..


You could see a brown ugly thing.

Vanquished Creatures
  Prince Ribbit (D:8)
  A hornet (D:8)
  A wyvern (D:5)
  A steam dragon (D:7)
  2 water moccasins
  2 sky beasts
  A black bear (D:5)
  An ogre (D:4)
  3 wolves
  A centaur (D:5)
  2 phantoms
  A gnoll sergeant (D:5)
  3 scorpions
  2 bullfrogs (D:7)
  4 howler monkeys
  A jelly (D:4)
  A bombardier beetle (D:3)
  5 hounds
  An orc priest (D:4)
  4 gnoll boudas
  Natasha (thrice) (D:4)
  4 iguanas
  A sleepcap (D:7)
  An adder (D:2)
  20 gnolls
  3 shadow imps
  2 ufetubi (D:7)
  5 ribbon worms
  12 orcs
  3 ball pythons
  2 endoplasms (D:1)
  2 giant cockroaches
  3 hobgoblins
  5 jackals
  7 kobolds
  A quokka (D:2)
  A bat (D:1)
  5 frilled lizards
  2 goblins
  2 rats
122 creatures vanquished.

Vanquished Creatures (collateral kills)
  Grum (D:8)
  A black bear (D:8)
2 creatures vanquished.

Grand Total: 124 creatures vanquished

Notes
Turn   | Place    | Note
-------+----------+-------------------------------------------
     0 | D:1      | hikkokomori the Formicid Fighter began the quest for the
                  | Orb.
     0 | D:1      | Reached XP level 1. HP: 18/18 MP: 1/1
   137 | D:1      | Reached XP level 2. HP: 17/24 MP: 2/2
   976 | D:2      | Reached XP level 3. HP: 21/30 MP: 3/3
  1104 | D:2      | Reached XP level 4. HP: 10/37 MP: 4/4
  1879 | D:3      | Reached skill level 4 in Fighting
  2125 | D:3      | Reached skill level 5 in Shields
  2125 | D:3      | Reached XP level 5. HP: 42/42 MP: 5/5
  2663 | D:4      | Noticed Natasha
  2665 | D:4      | Killed Natasha
  2666 | D:4      | Reached skill level 1 in Throwing
  2697 | D:4      | Found a glowing golden altar of the Shining One.
  2818 | D:4      | Reached skill level 1 in Evocations
  2938 | D:4      | Noticed Natasha
  2956 | D:4      | Killed Natasha
  2957 | D:4      | Reached XP level 6. HP: 17/49 MP: 6/6
  3073 | D:4      | Noticed Natasha
  3080 | D:4      | Killed Natasha
  3152 | D:4      | Noticed an ogre
  3157 | D:4      | Killed an ogre
  3343 | D:5      | Entered Level 5 of the Dungeon
  3367 | D:5      | Reached XP level 7. HP: 29/55 MP: 7/7
  3479 | D:5      | Reached skill level 5 in Fighting
  3523 | D:5      | Found a sparkling altar of Nemelex Xobeh.
  3538 | D:5      | Noticed a wyvern
  3544 | D:5      | Killed a wyvern
  3550 | D:5      | Found an ornate altar of the Wu Jian Council.
  3567 | D:4      | Reached XP level 8. HP: 40/63 MP: 8/8
  3909 | D:4      | Reached skill level 6 in Fighting
  3952 | D:4      | Reached skill level 5 in Axes
  4107 | D:5      | Found an opulent altar of Gozag.
  4151 | D:5      | Found a hazy altar of Hepliaklqana.
  4232 | D:5      | Became a worshipper of Gozag Ym Sagoz the Greedy
  4740 | D:5      | Found Narasch's Antique Armour Boutique.
  4747 | D:5      | Reached XP level 9. HP: 49/71 MP: 9/9
  4942 | D:6      | Reached skill level 5 in Evocations
  5077 | D:6      | Reached skill level 5 in Armour
  5089 | D:6      | Reached skill level 7 in Fighting
  5417 | D:6      | Found a radiant altar of Vehumet.
  5417 | D:6      | Found a shimmering blue altar of Sif Muna.
  5468 | D:6      | Found a staircase to the Ecumenical Temple.
  5806 | D:7      | Found Cyk Nad's Vocational Training.
  5978 | D:7      | Found a sacrificial altar of Ru.
  6630 | D:8      | Noticed Grum
  6639 | D:8      | Killed Grum
  6649 | D:8      | Reached XP level 10. HP: 57/80 MP: 10/10
  6746 | D:8      | Noticed Prince Ribbit
  6762 | D:8      | Reached skill level 8 in Fighting
  6791 | D:8      | Killed Prince Ribbit
  6896 | D:8      | Noticed a brown ugly thing
  7031 | D:8      | Slain by a brown ugly thing

Illustrated notes

Levels and vault maps discovered:
D:1:      minmay_arrival_plants_in_alcoves, layout_basic
D:2:      layout_loops_ring, nicolae_figureground_pulse
D:3:      layout_basic
D:4:      layout_gridville, kennysheep_mini, uniq_natasha
D:5:      black_bear_nest_2, layout_cave_pools, grunt_temple_overflow_open,
          serial_gnoll_camp, gnoll_camp_mini_hut, gnoll_camp_mini_doghouse,
          gnoll_camp_medium_01, gnoll_camp_mini_shop, gnoll_camp_mini_hut
D:6:      layout_rooms, gammafunk_temple_overflow_elements, temple_hall
D:7:      layout_cave_pods, lemuel_doored_altar, nicolae_shop_vocational
D:8:      layout_rooms, serial_shops, nicolae_shop_stone, uniq_prince_ribbit1,
          uniq_grum

Skill      XL: |  1  2  3  4  5  6  7  8  9 10 |
---------------+-------------------------------+-----
Armour         | 4 6 |  6.8
Fighting       | 4 5 6 7 8 |  8.2
Shields        | 5 |  5.0
Axes           | 3 4 5 6 7 |  7.1
Throwing       | 1 2 3 4 |  4.0
Evocations     | 1 2 3 4 6 |  6.9

Action                     |  1- 3 |  4- 6 |  7- 9 | 10-12 || total
---------------------------+-------+-------+-------+-------++-------
  Melee: War axe           |    75 |   130 |    39 |       ||   244
         Battleaxe         |       |       |   179 |    41 ||   220
  Throw: Javelin           |       |       |     1 |       ||     1
         Boomerang         |       |       |     4 |     2 ||     6
Ability: Dig               |       |     1 |       |       ||     1
  Evoke: Wand              |       |     6 |     9 |     4 ||    19
    Use: Potion            |     1 |       |       |       ||     1
         Scroll            |       |     5 |     3 |     3 ||    11
   Stab: Distracted        |       |       |     1 |       ||     1
 Armour: Scale mail        |    47 |    76 |   265 |    48 ||   436
         Ice dragon scales |       |       |       |     8 ||     8
  Dodge: Dodged            |    36 |    64 |   161 |    25 ||   286
  Block: Buckler           |    19 |    28 |    82 |    18 ||   147
